 Dungeon Crawl Stone Soup version 0.30-a0-845-g7c6808c8ce (webtiles) character file.

Game seed: 217772405714236520

109 demibob the Twirler (level 4, 30/30 HPs)
             Began as a Demonspawn Wanderer on Mar 2, 2023.
             Was a Follower of Vehumet.
             Quit the game on level 2 of the Dungeon.
             The game lasted 00:02:01 (1878 turns).

demibob the Twirler (Demonspawn Wanderer)           Turns: 1878, Time: 00:02:02

Health: 30/30      AC:  7    Str: 12    XL:     4   Next: 60%
Magic:  8/8        EV:  8    Int: 14    God:    Vehumet [*.....]
Gold:   93         SH:  0    Dex: 14    Spells: 8/9 levels left

rFire   . . .      SeeInvis .    a - +2 quarterstaff
rCold   . . .      Faith    .    (shield currently unavailable)
rNeg    . . .      Spirit   .    k - +0 scale mail
rPois   .          Reflect  .    (no helmet)
rElec   .          Rampage  .    (no cloak)
rCorr   .                        (no gloves)
Will    .....                    e - +0 pair of boots Stlth
                                 (no amulet)
HPRegen 0.25/turn                (no ring)
MPRegen 0.11/turn                (no ring)

@: no status effects
A: hooves 2
a: Renounce Religion


You were on level 2 of the Dungeon.
You worshipped Vehumet.
Vehumet was aware of your devotion.
You visited 1 branch of the dungeon, and saw 2 of its levels.

You collected 93 gold pieces.


Innate Abilities, Weirdness & Mutations

You have hoof-like feet.


   Skills:
 + Level 5.3 Staves
 + Level 1.1 Armour
 - Level 3.0 Spellcasting
 - Level 3.0 Evocations


You had 8 spell levels left.
You knew the following spells:

 Your Spells              Type           Power      Damage    Failure   Level
z - Sting                 Tmut/Pois      8%         1d3       75%         1

Your spell library contained the following spells:

 Spells                   Type           Power      Damage    Failure   Level
 Shock                    Conj/Air       8%         1d3       75%         1
 Blink                    Tloc           4%         N/A       86%         2
 Lesser Beckoning         Tloc           4%         N/A       86%         2
 Momentum Strike          Conj/Tloc      4%         3d8       86%         2
 Ignite Poison            Fire/Tmut/Pois 2%         N/A       98%         3

Inventory:

Hand Weapons
 a - a +2 quarterstaff (weapon)
Armour
 e - a +0 pair of boots (worn)
 k - a +0 scale mail (worn)
Jewellery
 h - an amulet of faith {!P}
 T - a +4 ring of protection
 Z - a ring of wizardry
Wands
 b - a wand of polymorph (4)
Scrolls
 d - 2 scrolls of teleportation {@r2}
 i - a scroll of fog {unknown}
 j - a scroll of blinking {unknown}
Potions
 c - 2 potions of attraction
 f - a potion of curing {unknown}
 g - 2 potions of resistance {unknown}

Dungeon Overview and Level Annotations

Branches:
Dungeon (2/15)

Altars:
Vehumet

####..♣.♣..##.#####.#
###....♣♣♣♣♣♣.#.#####.#
##.#.♣♣♣♣♣♣♣♣.♣#....##.#
#######.#..♣♣♣ ♣......#...##.#
.......###...♣♣♣..♣♣......##.####
#..####.#...♣♣.♣♣♣.♣♣...#........
#..#####...♣♣♣..♣♣.♣....#....####
#..#.....#.♣♣⚑...♣.♣.♣..#....#
#..#.##....♣♣.♣♣@.♣♣.....###.####
#..#.#.....♣♣♣.♣♣♣♣♣.♣.......[...
...))......♣♣♣♣♣♣♣..♣.[......####
...#.....#.♣...#♣..#..####.###
...##...#..........##.# #.#
...##..#.#.....##..##.# #.#
...##..#.##...###..##.# #.# ##
...##..#.###.####..##.# #.# #.
.........<.........##.# #.# #.


There were no monsters in sight!


Message History

Found a faded altar of an unknown god.
The hobgoblin shouts!
A hobgoblin is nearby!
The hobgoblin hits you but does no damage.
You see here a book of Spatial Translocations.
The hobgoblin hits you but does no damage.
There is a faded altar of an unknown god here.
You closely miss the hobgoblin. The hobgoblin barely misses you.
You closely miss the hobgoblin. The hobgoblin hits you.
You sock the hobgoblin!
You kill the hobgoblin!
No target in view!
No target in view!
No target in view!
No target in view!
No target in view!
No target in view!
No target in view!
No target in view!
No target in view!
No target in view!
No target in view!
This altar belongs to (a) Vehumet, (b) Ashenzari or (c) Sif Muna, but you can't tell which.
Press the corresponding letter to learn more about a god, or press enter to convert or escape to cancel.
Vehumet accepts your prayer! Vehumet welcomes you!
You can now gain magical power from killing.
Vehumet offers you knowledge of Shock.
You pick up a book of Spatial Translocations and begin reading...
You add the spells Blink, Momentum Strike and Lesser Beckoning to your library.
Are you sure you want to abandon this character and quit the game? (Confirm with "yes".)

Skill      XL: |  1  2  3  4 |
---------------+-------------+-----
Staves         | 4 5 |  5.3
Armour         | 1 |  1.1
Spellcasting   | |  3.0
Evocations     | |  3.0

Action                     |  1- 3 |  4- 6 || total
---------------------------+-------+-------++-------
  Melee: Quarterstaff      |    76 |    46 ||   122
         Kick              |    11 |       ||    11
    Use: Scroll            |     1 |       ||     1
   Stab: Sleeping          |     2 |       ||     2
 Armour: Robe              |    17 |       ||    17
         Scale mail        |     1 |    46 ||    47
  Dodge: Dodged            |    53 |    30 ||    83

Levels and vault maps discovered:
D:1:      psy_arrival_spokes, layout_basic, serial_corexii_hall,
          corexii_hall_statues_i, corexii_hall_statues_x, serial_bayou_pond_d
D:2:      layout_loops_ring, chequers_ecumenical_altar_grove, uniq_jessica

Notes
Turn   | Place    | Note
-------+----------+-------------------------------------------
     0 | D:1      | demibob the Demonspawn Wanderer began the quest for the
                  | Orb.
     0 | D:1      | demibob set off with the following items: a +2
                  | quarterstaff, a wand of polymorph (4), a potion of
                  | attraction, a +0 robe; and the following spell memorised:
                  | Sting; and the following spells available to memorise:
                  | Ignite Poison.
     0 | D:1      | Reached XP level 1. HP: 13/13 MP: 4/4
   190 | D:1      | Reached skill level 4 in Staves
   220 | D:1      | Gained mutation: You have large cloven feet. [demonic
                  | ancestry]
   220 | D:1      | Reached XP level 2. HP: 17/19 MP: 6/6
  1108 | D:2      | Reached XP level 3. HP: 24/24 MP: 7/7
  1184 | D:2      | Noticed Jessica
  1198 | D:2      | Killed Jessica
  1199 | D:2      | Reached skill level 5 in Staves
  1378 | D:2      | Gained mutation: You have hoof-like feet. [demonic
                  | ancestry]
  1378 | D:2      | Reached XP level 4. HP: 26/30 MP: 8/8
  1787 | D:2      | Reached skill level 1 in Armour
  1863 | D:2      | Found a faded altar of an unknown god.
  1871 | D:2      | Prayed at the altar of an unknown god.
  1871 | D:2      | Became a worshipper of Vehumet
  1871 | D:2      | Reached * piety under Vehumet
  1871 | D:2      | Offered knowledge of Shock by Vehumet.
  1878 | D:2      | Quit the game

Vanquished Creatures
  Jessica (D:2)
  3 adders (D:2)
  A worm (D:2)
  3 ball pythons
  11 bats
  8 endoplasms
  2 giant cockroaches (D:1)
  6 goblins
  3 hobgoblins
  5 frilled lizards
  4 kobolds
  5 rats
52 creatures vanquished.

Table legend: (Time is in decaauts)
 A = Elapsed time spent in this place.
 B = Non-inter-level travel time spent in this place.
 C = Inter-level travel time spent in this place.
 D = Time resting spent in this place.
 E = Time spent auto-exploring this place.
 F = Levels seen in this place.
 G = Mean time per level.
                   A        B        C        D        E       F      G
               +--------+--------+--------+--------+--------+-----+--------+
         Total |   1886 |   1837 |     49 |    151 |   1353 |   2 |  943.0 |
       Dungeon |   1886 |   1837 |     49 |    151 |   1353 |   2 |  943.0 |
               +--------+--------+--------+--------+--------+-----+--------+

Top non-repeatable levels by time:
     D:1: 1011 daAuts
     D:2: 875 daAuts

Table legend:
 A = Non-vault XP
 B = Vault XP
 C = Vault XP percentage of total XP
 D = Non-vault monster count
 E = Vault monster count
 F = Vault count percentage of total count
                 A         B        C        D         E       F
            +---------+---------+-------+---------+---------+-------
      Total |     120 |      37 |  23.6 |      51 |       1 |   1.9
            +---------+---------+-------+---------+---------+-------
        D:1 |      38 |       0 |   0.0 |      22 |       0 |   0.0
        D:2 |      82 |      37 |  31.1 |      29 |       1 |   3.3
            +---------+---------+-------+---------+---------+-------
